 Dungeon Crawl Stone Soup version 0.19.1 (webtiles) character file.

132 esteth the Conjurer (level 4, 0/30 HPs)
             Began as a Demonspawn Conjurer on Dec 12, 2016.
             Slain by Sigmund
             ... wielding a +0 scythe
              (3 damage)
             ... on level 3 of the Dungeon.
             The game lasted 00:08:26 (2543 turns).

esteth the Conjurer (Demonspawn Conjurer)           Turns: 2543, Time: 00:08:26

Health: 0/30       AC:  7    Str:  9    XL:     4   Next: 92%
Magic:  4/9        EV: 11    Int: 17    God:
Gold:   49         SH:  0    Dex: 13    Spells: 1 memorised, 9 levels left

rFire  . . .     SeeInvis .     e - +0 whip
rCold  + . .     Gourm    .     g - +2 leather armour {rC+}
rNeg   . . .     Faith    .     (no shield)
rPois  .         Spirit   .     p - +2 hat
rElec  .         Reflect  .     (no cloak)
rCorr  .         Harm     .     (no gloves)
MR     .....                    (no boots)
Stlth  +.........               (no amulet)
                                (no ring)
                                (no ring)

@: confused
A: talons 1, rot immunity
a: no special abilities


You were on level 3 of the Dungeon.
You were very hungry.

You visited 1 branch of the dungeon, and saw 3 of its levels.

You collected 49 gold pieces.

Inventory:

Hand Weapons
 e - a +0 whip (weapon)
Armour
 a - a +0 robe
 g - a +2 leather armour of cold resistance (worn)
 p - a +2 hat (worn)
Wands
 n - a wand of iceblast (11/15)
Scrolls
 c - a scroll of enchant weapon {unknown}
 f - 4 scrolls of identify {unknown}
 i - 2 scrolls of remove curse {unknown}
 j - 2 scrolls of blinking {unknown}
 l - a scroll of immolation {unknown}
 o - a scroll of random uselessness {unknown}
 t - a scroll of magic mapping {unknown}
Potions
 d - a potion of cure mutation {unknown}
 q - a potion of cancellation {unknown}
 r - a potion of might {unknown}
 s - 2 potions of haste {unknown}
Books
 b - a book of Conjurations

   Spells                             Type                      Level
   a - Magic Dart                     Conjuration                  1
   b - Searing Ray                    Conjuration                  2
   c - Dazzling Spray                 Conjuration/Hexes            3
   d - Fulminant Prism                Conjuration/Hexes            4
   e - Iskenderun's Mystic Blast      Conjuration                  4
   f - Iskenderun's Battlesphere      Conjuration/Charms           5
Comestibles
 h - a beef jerky
 m - a bread ration


   Skills:
 - Level 1.7 Dodging
 - Level 1.7 Stealth
 * Level 3.8 Spellcasting
 + Level 5.1 Conjurations


You had 9 spell levels left.
You knew the following spells:

 Your Spells              Type           Power        Failure   Level  Hunger
a - Magic Dart            Conj           ###.         2%          1    None


Dungeon Overview and Level Annotations

Branches:
Dungeon (3/15)

Altars:
The Shining One

Annotations:
D:3 Sigmund


Innate Abilities, Weirdness & Mutations

You have sharp toenails.
You are immune to rotting.


Message History

You bump into the rock wall.
Something hits you.
You're too confused to cast spells.
Unknown command.
You're too confused to cast spells.
You bump into the rock wall.
You feel less confused. Something hits you!
* * * LOW HITPOINT WARNING * * *
You are confused.
You're too confused to cast spells.
Unknown command.
You are more confused.
You are more confused.
You are more confused.
You hear some strange, mumbled words.
You are more confused.
Something hits you.
* * * LOW HITPOINT WARNING * * *
Something hits you.
You die...

#+# #.###
##...## #....?##
##......#
.#####...@...###
...............#
########.#.#.#.#
#.#.#..... #.#.#
#.## #.#.. .#
#.### # #.# #(#


There were no monsters in sight!

Vanquished Creatures
  Jessica (D:2)
  3 adders (D:2)
  An ooze (D:1)
  A worm (D:2)
  2 dart slugs (D:2)
  A leopard gecko (D:2)
  A giant cockroach (D:2)
  7 hobgoblins
  11 jackals
  2 quokkas (D:2)
  A ball python (D:2)
  9 bats
  4 frilled lizards
  6 goblins
  10 kobolds
  6 rats (D:1)
66 creatures vanquished.

Notes
Turn   | Place    | Note
-------+----------+-------------------------------------------
     0 | D:1      | esteth the Demonspawn Conjurer began the quest for the Orb.
     0 | D:1      | Reached XP level 1. HP: 13/13 MP: 3/3
   256 | D:1      | Gained mutation: You are immune to rotting. [demonic ancestry]
   256 | D:1      | Reached XP level 2. HP: 17/19 MP: 3/5
   912 | D:1      | Reached XP level 3. HP: 24/24 MP: 3/6
  1491 | D:2      | Found a glowing golden altar of the Shining One.
  1749 | D:2      | Noticed Jessica
  1756 | D:2      | Killed Jessica
  1756 | D:2      | Gained mutation: You have sharp toenails. [demonic ancestry]
  1756 | D:2      | Reached XP level 4. HP: 29/30 MP: 0/9
  1864 | D:2      | Reached skill level 5 in Conjurations
  2488 | D:3      | Noticed Sigmund
  2543 | D:3      | Slain by Sigmund

Skill      XL: |  1  2  3  4 |
---------------+-------------+-----
Spellcasting   | 3 |  3.8
Conjurations   | 5 |  5.1
Dodging        | |  1.7
Stealth        | |  1.7

Action                   |  1- 3 |  4- 6 || total
-------------------------+-------+-------++-------
Melee: Whip              |    68 |    50 ||   118
       Unarmed           |     5 |       ||     5
       Kick              |       |     7 ||     7
 Cast: Magic Dart        |    72 |    50 ||   122
  Use: Potion            |       |     1 ||     1
  Eat: Bread ration      |     1 |       ||     1
Armor: Leather armour    |    40 |    31 ||    71
Dodge: Dodged            |    64 |    47 ||   111
